 Dungeon Crawl Stone Soup version 0.27.1-3-gb3d3a73c9e (webtiles) character file.

Game seed: 5525425939282252174

12082 belegose the Covert (level 11, -5/103 HPs)
             Began as a Naga Abyssal Knight on Oct 27, 2021.
             Was an Elder of Lugonu.
             Slain by a cane toad (11 damage)
             ... on level 2 of the Lair of Beasts.
             The game lasted 00:49:52 (19005 turns).

belegose the Covert (Naga Abyssal Knight)          Turns: 19005, Time: 00:49:53

Health: -5/103     AC: 13    Str: 27    XL:     11   Next: 87%
Magic:  0/17       EV:  6    Int: 15    God:    Lugonu [****..]
Gold:   232        SH:  7    Dex: 10    Spells: 10/10 levels left

rFire    + + .     SeeInvis +   b - +1 broad axe "Zyiw" {freeze, Str+5}
rCold    + . .     Faith    .   O - +2 buckler
rNeg     . . .     Spirit   +   r - +0 chain mail {rF+}
rPois    +         Reflect  .   E - +0 helmet
rElec    .         Harm     .   m - scarf {rC+ rF+}
rCorr    +         Rampage  .   B - +0 pair of gloves
Will     +....                  (no barding)
Stlth    +.........             p - amulet of guardian spirit
HPRegen  0.27/turn              u - ring of resist corrosion
MPRegen  0.15/turn              Q - +6 ring of strength

@: studying Armour, very slow
A: AC +3, large, see invisible, deformed body, poison resistance, slowness 2,
spit poison 1, naga tail 1
a: Spit Poison, Renounce Religion, Depart the Abyss, Bend Space, Banish, Corrupt


You were on level 2 of the Lair of Beasts.
You worshipped Lugonu.
Lugonu was greatly pleased with you.
You visited 3 branches of the dungeon, and saw 13 of its levels.
You visited the Abyss 2 times.

You collected 577 gold pieces.
You spent 345 gold pieces at shops.

Inventory:

Hand Weapons
 a - a +1 trident of venom
 b - the +1 broad axe "Zyiw" (weapon) {freeze, Str+5}
   (You found it on level 2 of the Abyss)

   It freezes those it strikes, dealing additional cold damage.
   It can also slow down cold-blooded creatures.
   Str:       It affects your strength (+5).
 R - the +4 morningstar of the Moon {freeze, Str+3}
   (You bought it in a shop on level 10 of the Dungeon)

   It freezes those it strikes, dealing additional cold damage.
   It can also slow down cold-blooded creatures.
   Str:       It affects your strength (+3).
Missiles
 c - 3 boomerangs
 g - 280 stones
 D - 42 poisoned darts (quivered)
 J - 5 javelins
 P - a curare-tipped dart
Armour
 m - a scarf of resistance (worn)
 n - a +0 kite shield
 r - a +0 chain mail of fire resistance (worn)
 B - a +0 pair of gloves (worn)
 E - a +0 helmet (worn)
 O - a +2 buckler (worn)
Jewellery
 p - an amulet of guardian spirit (around neck)
 u - a ring of resist corrosion (left hand)
 Q - a +6 ring of strength (right hand)
Wands
 d - a wand of digging (4)
 e - a wand of acid (3)
 K - a wand of charming (4)
 L - a wand of flame (36)
Scrolls
 h - a scroll of identify
 i - 2 scrolls of fear {unknown}
 j - 4 scrolls of amnesia {unknown}
 k - 3 scrolls of enchant weapon {unknown}
 l - 9 scrolls of teleportation
 o - a scroll of brand weapon {unknown}
 q - a scroll of noise {unknown}
 t - 2 scrolls of magic mapping
 x - 3 scrolls of fog {unknown}
 y - a scroll of immolation {unknown}
 I - a scroll of holy word {unknown}
 M - 2 scrolls of silence {unknown}
 N - a scroll of vulnerability {unknown}
Potions
 f - 2 potions of curing
 s - 3 potions of flight
 v - 2 potions of cancellation
 w - 5 potions of haste
 z - 2 potions of berserk rage
 A - 3 potions of mutation
 C - 2 potions of attraction
 F - 3 potions of brilliance
 G - 2 potions of might


   Skills:
 + Level 7.9 Fighting
 - Level 4.0 Short Blades
 - Level 2.4(4.1) Axes
 - Level 0.2(1.7) Maces & Flails
 + Level 5.0(5.4) Polearms
 - Level 1.2(3.4) Staves
 + Level 7.6 Armour
 - Level 0.7 Dodging
 - Level 11.0 Stealth
 + Level 6.0 Shields
 + Level 8.2 Invocations
 + Level 6.8 Evocations


You had 10 spell levels left.
You didn't know any spells.
Your spell library contained the following spells:

 Spells                   Type           Power      Damage    Failure   Level
 Corpse Rot               Necr/Air       N/A        N/A       90%         2
 Sublimation of Blood     Necr           0%         N/A       90%         2
 Airstrike                Air            0%         N/A       100%        4
 Dispel Undead            Necr           0%         3d6       100%        4
 Petrify                  Tmut/Erth      0%         N/A       100%        4
 Summon Lightning Spire   Summ/Air       0%         N/A       100%        4
 Irradiate                Conj/Tmut      0%         3d13      100%        5
 Lightning Bolt           Conj/Air       0%         1d11      100%        5
 Death Channel            Necr           0%         N/A       100%        6


Dungeon Overview and Level Annotations

Branches:
Dungeon (10/15)            Temple (1/1) D:4            Lair (2/6) D:9
    Orc (0/2) D:10
  Swamp: Lair:2-4    Shoals: Lair:2-4     Snake: Lair:2-4    Spider: Lair:2-4

Altars:
Sif Muna
Xom
Zin

Shops:
D:8 ?   D:9 =   D:10 [((=

Annotations:
D:6 2 transporters, Icepheonix32's ghost, novice DsFi
D:7 3 runed translucent doors, Urokeeper's ghost, novice MiFi
D:8 exclusion: skeletal warrior
D:9 2 transporters, quinnr's ghost, journeyman TeAE
Lair:1 1 runed translucent door, exclusion: door, Chaicat's ghost, novice MiBe


Innate Abilities, Weirdness & Mutations

Your serpentine skin is tough. (AC +3)
You have supernaturally acute eyesight. (SInv)
Armour fits poorly on your strangely shaped body.
Your system is resistant to poisons. (rPois)
You cover ground very slowly.
You can spit poison.
You have a snake-like lower body.


Message History

You slash the elephant! You freeze the elephant.
The elephant is almost dead.
You hit the elephant. You freeze the elephant. The elephant tramples you.
You hold your ground!
The elephant trunk-slaps you but does no damage.
You block the elephant's attack. x2; The cane toad stings you!
The elephant tramples you!
You hold your ground!
The elephant trunk-slaps you but does no damage.
You slash the elephant! You freeze the elephant.
The elephant is almost dead.
You hit the cane toad but do no damage. You completely miss the elephant.
The cane toad stings you!
The elephant tramples you but does no damage.
The elephant trunk-slaps you. The elephant tramples you.
You hold your ground!
The elephant trunk-slaps you but does no damage.
You block the cane toad's attack. The elephant tramples you!
You hold your ground!
The elephant completely misses you.
You hit the elephant. You freeze the elephant.
You kill the elephant!
Lugonu accepts your kill.
You slash the cane toad! You freeze the cane toad.
You hit the elephant but do no damage.
A nearby fungus withers and dies.
The cane toad stings you!
* * * LOW HITPOINT WARNING * * *
You block the elephant's attack. x2
Your Polearms skill increases to level 5!
Your Shields skill increases to level 6!
Press: ? - help, Shift-Dir - straight line, f - cane toad
Aim: a cane toad (moderately wounded, chance to affect: 85%)
The cane toad barely resists.
You block the cane toad's attack. The elephant tramples you!
* * * LOW HITPOINT WARNING * * *
You stumble backwards!
The cane toad stings you!
* * * LOW HITPOINT WARNING * * *
You don't have enough magic at the moment.
Unknown command.
Okay, then.
There is a stone staircase leading up, spattered with blood here.
The cane toad stings you!
You die...

......... #..
........ #..#
#......... #..#
............ ...# .
...........##..#...
...................
....... #...#....
...#.##Y........ ##.
#.##)@F........
....##.....#........
......#...##........
..
###...(.##.........
....
#................
....
...P..>.............
....
...................
...^ ...............
...............


You could see an elephant and a cane toad.

Vanquished Creatures
  A two-headed ogre (D:10)
  3 elephants
  A gargoyle (D:10)
  2 cane toads (Lair:1)
  Psyche (D:9)
  3 blink frogs
  A wraith (D:9)
  A centaur simulacrum (D:10)
  14 yaks
  A basilisk (Lair:1)
  2 steam dragons (D:9)
  An acid dragon (D:9)
  8 water moccasins
  A hornet zombie (D:8)
  2 ice beasts
  2 black bears
  3 sky beasts
  5 ogres
  2 necrophages
  3 centaurs
  6 wolves
  A kobold brigand (D:10)
  4 bullfrogs
  A scorpion (D:4)
  A gnoll sergeant (D:8)
  16 killer bees
  10 wights
  4 hounds
  3 jellies
  3 centaur skeletons
  A gnoll shaman (D:9)
  7 orc priests
  A bullfrog skeleton (D:7)
  Crazy Yiuf (D:6)
  3 iguanas
  A scorpion zombie (D:3)
  8 orc wizards
  3 howler monkey zombies (D:6)
  15 gnolls
  6 adders
  2 ufetubi (D:5)
  4 worms
  2 dart slugs
  16 orcs
  8 ball pythons
  8 endoplasms
  4 giant cockroaches
  4 goblins
  6 hobgoblins
  4 jackals
  11 kobolds
  4 quokkas
  8 bats
  A frilled lizard (D:3)
  13 rats
247 creatures vanquished.

Vanquished Creatures (collateral kills)
  A killer bee (D:9)
1 creature vanquished.

Vanquished Creatures (others)
  2 killer bees (D:9)
  A fungus (Lair:2)
  A plant (Lair:2)
4 creatures vanquished.

Grand Total: 252 creatures vanquished

Notes
Turn   | Place    | Note
-------+----------+-------------------------------------------
     0 | Abyss:1  | belegose the Naga Abyssal Knight began the quest for the
                  | Orb.
     0 | Abyss:1  | Reached XP level 1. HP: 21/21 MP: 2/2
    77 | Abyss:3  | Noticed an orange demon
    78 | D:1      | Escaped the Abyss
   273 | D:1      | Reached * piety under Lugonu
   331 | D:1      | Reached skill level 1 in Stealth
   331 | D:1      | Reached XP level 2. HP: 26/28 MP: 3/3
   973 | D:1      | Reached XP level 3. HP: 33/34 MP: 4/4
  1357 | D:2      | Found a shimmering blue altar of Sif Muna.
  1646 | D:2      | Reached skill level 2 in Stealth
  2662 | D:2      | Reached skill level 1 in Shields
  2693 | D:2      | Reached ** piety under Lugonu
  2694 | D:2      | Reached XP level 4. HP: 30/42 MP: 4/6
  3273 | D:3      | Noticed an ice beast
  3307 | D:2      | Killed an ice beast
  3308 | D:2      | Reached skill level 1 in Short Blades
  3308 | D:2      | Reached skill level 3 in Stealth
  3308 | D:2      | Reached XP level 5. HP: 30/50 MP: 5/7
  3491 | D:3      | Reached skill level 1 in Evocations
  4714 | D:4      | Noticed an ogre
  4793 | D:3      | Reached XP level 6. HP: 52/57 MP: 8/8
  4906 | D:4      | Reached skill level 4 in Stealth
  5235 | D:4      | Found a staircase to the Ecumenical Temple.
  5423 | D:4      | Reached XP level 7. HP: 62/64 MP: 9/9
  5862 | Temple   | Entered the Ecumenical Temple
  5869 | D:5      | Entered Level 5 of the Dungeon
  5956 | D:5      | Reached skill level 5 in Stealth
  6204 | D:5      | Reached XP level 8. HP: 73/73 MP: 11/11
  6945 | D:6      | Reached *** piety under Lugonu
  7018 | D:6      | Reached skill level 5 in Fighting
  7018 | D:6      | Reached skill level 6 in Stealth
  7128 | D:6      | Reached skill level 5 in Invocations
  7288 | D:6      | Found a transporter.
  7291 | D:6      | Found a transporter.
  7291 | D:6      | Noticed Icepheonix32's ghost (novice DsFi)
  7328 | D:6      | You fall into a shaft and drop 1 floor!
  7903 | D:6      | Reached XP level 9. HP: 52/81 MP: 7/12
  8346 | D:6      | Reached skill level 7 in Stealth
  8548 | D:6      | Found a runed translucent door.
  8549 | D:6      | Noticed Crazy Yiuf
  8565 | D:6      | Killed Crazy Yiuf
  8952 | D:7      | Noticed a kobold demonologist
  8952 | D:7      | Noticed Urokeeper's ghost (novice MiFi)
  8952 | D:7      | Found a runed translucent gate.
  8952 | D:7      | Found a runed translucent gate.
  8952 | D:7      | Found a runed translucent gate.
  9959 | D:8      | Reached skill level 1 in Staves
 10554 | D:8      | Found Itao's Magic Scroll Shoppe.
 10557 | D:8      | Bought a scroll of teleportation for 39 gold pieces
 10557 | D:8      | Bought a scroll of magic mapping for 45 gold pieces
 10988 | D:8      | Noticed a skeletal warrior
 11126 | D:9      | Found a transporter.
 11126 | D:9      | Found a transporter.
 11134 | D:9      | Noticed a two-headed ogre
 11137 | D:9      | Noticed a boulder beetle
 11425 | D:9      | Noticed a troll
 11479 | D:9      | Found a glowing silver altar of Zin.
 11480 | D:9      | Noticed an angel
 11526 | D:9      | Reached skill level 1 in Polearms
 11526 | D:9      | Reached skill level 8 in Stealth
 11692 | D:9      | Noticed an elephant
 11730 | D:9      | Killed an elephant
 11731 | D:9      | Reached skill level 5 in Armour
 11731 | D:9      | Reached skill level 5 in Evocations
 11731 | D:9      | Reached XP level 10. HP: 14/91 MP: 4/14
 12181 | D:9      | Found a staircase to the Lair.
 12213 | D:9      | Noticed quinnr's ghost (journeyman TeAE)
 12215 | D:9      | Noticed a two-headed ogre
 12578 | D:9      | Noticed Psyche
 12585 | D:9      | Cast into level 2 of the Abyss (Psyche)
 12602 | Abyss:2  | Noticed a thrashing horror
 12615 | Abyss:2  | Identified the +1 broad axe "Zyiw" {freeze, Str+5}
 12644 | Abyss:2  | Noticed a cacodemon
 12644 | Abyss:2  | Noticed a sixfirhy
 12644 | Abyss:2  | Noticed a sixfirhy
 12644 | D:9      | Escaped the Abyss
 12645 | D:9      | Found Yzxeleci's Jewellery Boutique.
 12648 | D:9      | Killed Psyche
 12820 | D:9      | Reached skill level 9 in Stealth
 14046 | D:10     | Entered Level 10 of the Dungeon
 14046 | D:10     | Found Guvuler's Antique Weapon Shoppe.
 14105 | D:10     | Noticed a gargoyle
 14105 | D:10     | Found a staircase to the Orcish Mines.
 14132 | D:9      | Reached skill level 5 in Shields
 14894 | D:10     | Found Miekleko's Armour Emporium.
 14899 | D:10     | Reached **** piety under Lugonu
 14955 | D:10     | Found Lokybo's Antique Weapon Emporium.
 15000 | D:10     | Killed a gargoyle
 15001 | D:10     | Reached XP level 11. HP: 62/94 MP: 12/16
 15277 | D:10     | Reached skill level 10 in Stealth
 15534 | D:10     | Noticed a two-headed ogre
 15542 | D:10     | Killed a two-headed ogre
 15889 | D:10     | Found Ovvaffou's Jewellery Boutique.
 16238 | D:10     | Bought a fine morningstar for 261 gold pieces
 16238 | D:10     | Identified the +4 morningstar of the Moon {freeze, Str+3}
                  | (You bought it in a shop on level 10 of the Dungeon)
 16291 | Lair:1   | Entered Level 1 of the Lair of Beasts
 16335 | Lair:1   | Found a runed translucent door.
 16381 | D:9      | HP: 5/100 [wolf (4)]
 16884 | Lair:1   | Found a shimmering altar of Xom.
 16884 | Lair:1   | Noticed Chaicat's ghost (novice MiBe)
 16885 | Lair:1   | Noticed a +2 halberd of chaos
 18711 | Lair:1   | Reached skill level 11 in Stealth
 19003 | Lair:2   | Reached skill level 5 in Polearms
 19005 | Lair:2   | Slain by a cane toad

Illustrated notes

Levels and vault maps discovered:
D:1:      saegor_arrival_simple_d, layout_loops_ring, hangedman_decor_slide_cut
D:2:      layout_loops_ring, basic_altar, minmay_rat_gold_closets
D:3:      layout_basic, minmay_divided_ellipse
D:4:      layout_cave_pools, minmay_temple_entry_statues_pillars,
          lemuel_old_faithful
D:5:      layout_basic
D:6:      layout_loops_ring, gammafunk_ghost_mausoleum, centaur_isle,
          uniq_crazy_yiuf_cottage
D:7:      layout_cave_pods, gammafunk_ghost_nasty_kobolds
D:8:      layout_rooms, serial_shops, kennysheep_mini, kennysheep_small_spiral
D:9:      layout_roguey, zin_angel, david_lair_generic, nzn_ghost_randoct,
          serial_shops, shop, kennysheep_crisscross, uniq_psyche
D:10:     layout_roguey, orc_0_dummy, serial_shops, nicolae_lakefront_shop,
          shop_fountains, shop, nicolae_take_the_stairs, serial_rivers,
          chequers_serial_rivers_marsh, chequers_serial_rivers_micro_e,
          chequers_serial_rivers_large_a, chequers_serial_rivers_small_3
Temple:   kilobyte_greek_temple
Lair:1:   layout_gridlike, ebering_ghost_xom, grunt_megastairs_1
Lair:2:   layout_cave_pods

Skill      XL: |  1  2  3  4  5  6  7  8  9 10 11 |
---------------+----------------------------------+-----
Stealth        | 1 2 3 4 5 6 8 9 11 | 11.0
Shields        | 1 2 3 4 5 6 |  6.0
Short Blades   | 1 2 3 4 |  4.0
Invocations    | 3 4 5 6 7 8 |  8.2
Evocations     | 1 2 3 5 6 |  6.8
Fighting       | 4 5 6 7 |  7.9
Armour         | 3 5 6 7 |  7.6
Staves         | 1 |  1.2
Polearms       | 1 3 5 |  5.0
Axes           | |  2.4
Maces & Flails | |  0.2
Dodging        | |  0.7

Action                   |  1- 3 |  4- 6 |  7- 9 | 10-12 || total
-------------------------+-------+-------+-------+-------++-------
Melee: Hand axe          |   112 |    32 |    66 |       ||   210
       Short sword       |    17 |    89 |   170 |       ||   276
       Trident           |       |       |    63 |   285 ||   348
       Quarterstaff      |       |       |    57 |       ||    57
       Morningstar       |       |       |    19 |    96 ||   115
       Broad axe         |       |       |       |    40 ||    40
Throw: Stone             |       |    13 |    26 |       ||    39
       Dart              |       |       |    25 |    38 ||    63
       Boomerang         |       |       |     4 |       ||     4
       Javelin           |       |       |       |    11 ||    11
Invok: Depart the Abyss  |     1 |       |       |     1 ||     2
       Bend Space        |       |     2 |     1 |     1 ||     4
       Banish            |       |       |       |     2 ||     2
 Abil: Spit Poison       |     1 |    11 |    22 |    13 ||    47
Evoke: Wand              |       |     9 |    16 |     7 ||    32
  Use: Scroll            |       |       |    11 |       ||    11
       Potion            |       |       |     1 |     1 ||     2
 Stab: Sleeping          |     2 |     2 |     9 |       ||    13
Armor: Leather armour    |     4 |       |       |       ||     4
       Ring mail         |    42 |    42 |   146 |       ||   230
       Chain mail        |       |       |    19 |   310 ||   329
Dodge: Dodged            |    14 |    33 |   123 |   158 ||   328
Block: Tower shield      |    60 |       |       |       ||    60
       Kite shield       |    10 |    46 |   136 |       ||   192
       Buckler           |       |       |     9 |   235 ||   244
